 Dungeon Crawl Stone Soup version 0.28.0-47-ge53b351184 (webtiles) character file.

Game seed: 7663044692171512148

39 Zeld the Sneak (level 3, 0/29 (33) HPs)
             Began as a Hill Orc Delver on May 9, 2022.
             Slain by a kobold brigand
             ... wielding a +0 dagger of draining
              (1 damage)
             ... in a sewer.
             The game lasted 00:01:56 (1760 turns).

Zeld the Sneak (Hill Orc Delver)                    Turns: 1760, Time: 00:01:57

HP:   0/29 (33)     AC:  4    Str: 16    XL:     3   Next: 45%
MP:   3/3           EV: 11    Int: 10    God:
Gold: 29            SH:  0    Dex: 12    Spells: 2/2 levels left

rFire   . . .      SeeInvis .   a - +0 hand axe
rCold   . . .      Faith    .   (no shield)
rNeg    . . .      Spirit   .   b - +0 leather armour
rPois   .          Reflect  .   m - +0 helmet
rElec   .          Harm     .   (no cloak)
rCorr   .          Rampage  .   (no gloves)
Will    .....                   (no boots)
Stlth   ++........              (no amulet)
HPRegen 0.09/turn               (no ring)
MPRegen 0.08/turn               (no ring)

@: lethally poisoned (0 -> -3), hasted and slowed, heavily drained
A: no striking features
a: no special abilities


You were in a sewer.
You visited 2 branches of the dungeon, and saw 5 of its levels.
You also visited: Sewer.

You collected 29 gold pieces.

Inventory:

Hand Weapons
 a - a +0 hand axe (weapon)
Armour
 b - a +0 leather armour (worn)
 m - a +0 helmet (worn)
Wands
 g - a wand of digging (3)
Scrolls
 c - a scroll of fog
 e - a scroll of fear
 h - a scroll of identify {unknown}
 i - a scroll of teleportation {unknown}
 j - a scroll of amnesia {unknown}
Potions
 k - a potion of might {unknown}
 l - a potion of magic {unknown}


   Skills:
 * Level 4.1 Fighting
 * Level 3.4 Axes
 + Level 1.0 Armour
 + Level 1.8 Dodging
 - Level 4.1 Stealth
 * Level 1.2 Evocations


You had 2 spell levels left.
You didn't know any spells.
Your spell library was empty.

Dungeon Overview and Level Annotations

Branches:
Dungeon (6/15)             Temple (1/1) D:4           Sewer (1/1)

Altars:
Ashenzari
Cheibriados
Dithmenos
Elyvilon
Gozag
Kikubaaqudgha
Makhleb
Nemelex Xobeh
Okawaru
Qazlal
Trog
Uskayaw
Vehumet
Wu Jian
Xom
Yredelemnul
Zin
The Shining One

Annotations:
D:4 Sigmund


Message History

A kobold brigand comes into view.
It is wielding a +0 dagger of draining and quivering curare-tipped darts.
The kobold brigand shouts!
A jackal comes into view.
A kobold comes into view. It is wielding a +0 short sword.
The jackal moves out of view.
The kobold shouts!
A kobold brigand comes into view.
It is wielding a +0 dagger and quivering poisoned darts.
The kobold brigand throws a curare-tipped dart.
The curare-tipped dart barely misses you.
The kobold shouts!
The jackal barks!
The kobold brigand throws a curare-tipped dart.
The curare-tipped dart hits you.
You are poisoned.
You have difficulty breathing.
You feel yourself slow down.
You feel very sick.
You hit the kobold brigand.
The kobold brigand is lightly wounded.
You feel very sick.
The kobold brigand hits you with a +0 dagger of draining.
You feel drained. The kobold closely misses you.
The kobold brigand hits you but does no damage.
You feel drained.
Unknown command.
You are too injured to fight recklessly!
Unknown command.
You barely miss the kobold brigand.
The kobold brigand is lightly wounded.
You hit the kobold.
You feel very sick.
The kobold brigand hits you with a +0 dagger of draining.
* * * LOW HITPOINT WARNING * * *
You feel drained.
Unknown command.
You feel yourself speed up.
* * * LOW HITPOINT WARNING * * *
You feel sick.
The kobold brigand barely misses you. x2
The kobold brigand hits you with a +0 dagger of draining.
* * * LOW HITPOINT WARNING * * *
You feel drained.
You die...

≈≈≈≈≈≈≈≈≈≈≈≈≈≈≈≈≈≈≈.≈#
##############.≈≈≈≈≈≈#
#≈.≈≈≈≈.# #≈≈≈≈≈≈.#
#.≈≈≈≈≈.# #≈≈≈≈≈≈.#
#.≈≈≈≈≈≈# #≈.≈≈≈≈.#
#..@K...# ####K####


KK. ....# ...## ..## ... ### You could see 2 kobold brigands and 2 kobolds.

Vanquished Creatures
  2 adders
  A river rat (Sewer)
  An orc (D:6)
  A bat (D:3)
  A kobold (D:3)
  A quokka (D:3)
  2 goblins (D:3)
  5 rats (Sewer)
14 creatures vanquished.

Vanquished Creatures (others)
  6 toadstools (D:4)
6 creatures vanquished.

Grand Total: 20 creatures vanquished

Notes
Turn   | Place    | Note
-------+----------+-------------------------------------------
     0 | D:5      | Zeld the Hill Orc Delver began the quest for the Orb.
     0 | D:5      | Reached XP level 1. HP: 19/19 MP: 1/1
   225 | D:6      | Reached XP level 2. HP: 14/27 MP: 2/2
   762 | D:6      | Noticed a water moccasin
   810 | D:5      | Noticed an ice beast
   954 | D:4      | Found a staircase to the Ecumenical Temple.
   958 | D:4      | Noticed Sigmund
   965 | Temple   | Entered the Ecumenical Temple
  1305 | D:3      | Reached skill level 1 in Evocations
  1337 | D:3      | Found a large runed translucent door.
  1338 | D:3      | Found a large runed translucent door.
  1351 | D:3      | Reached XP level 3. HP: 27/33 MP: 3/3
  1355 | D:3      | Found a sparkling altar of Nemelex Xobeh.
  1358 | D:3      | Found a snail-covered altar of Cheibriados.
  1467 | D:3      | Found a glowing drain.
  1485 | Sewer    | Entered a sewer
  1507 | Sewer    | Reached skill level 1 in Armour
  1753 | Sewer    | Noticed a kobold brigand
  1754 | Sewer    | Noticed a kobold brigand
  1760 | Sewer    | HP: 1/30 [kobold brigand/+0 dagger of draining (3)]
  1760 | Sewer    | Slain by a kobold brigand

Illustrated notes

Levels and vault maps discovered:
D:3:      layout_loops_ring, jmf_multi_god_temple2, cheibrodos_sewer_entry_bend,
          uniq_terence, uniq_jessica, uniq_grinder
D:4:      cheibrodos_fertilizer, layout_basic, minmay_temple_entry_glassed_door,
          uniq_sigmund
D:5:      layout_gridville, skrybe_limestone_x, uniq_duvessa
D:6:      kb_forest_paths, layout_loops_ring,
          mainiacjoe_overflow_concentric_impassable,
          chequers_serial_rivers_room_b, dk_vineyard_3, uniq_menkaure
Temple:   nicolae_temple_elliptical
Sewer:    sewer_kobolds

Skill      XL: |  1  2  3 |
---------------+----------+-----
Axes           | 3 |  3.4
Fighting       | 4 |  4.1
Evocations     | 1 |  1.2
Armour         | 1 |  1.0
Dodging        | |  1.8
Stealth        | |  4.1

Action                   || total
-------------------------++-------
Melee: Hand axe          ||    51
       Punch             ||     2
  Use: Scroll            ||     1
       Potion            ||     1
 Stab: Sleeping          ||     1
Armor: Leather armour    ||    15
Dodge: Dodged            ||    44
